 Dungeon Crawl Stone Soup version 0.28.0-45-g0d030f2227 (webtiles) character file.

Game seed: 1745529034925517102

100 CryoSword the Skirmisher (level 4, -2/35 HPs)
             Began as a Demonspawn Abyssal Knight on Apr 19, 2022.
             Was a Believer of Lugonu.
             Killed from afar by an orc wizard (10 damage)
             ... with a puff of flame
             ... on level 3 of the Dungeon.
             The game lasted 00:02:57 (2364 turns).

CryoSword the Skirmisher (DsAK)                     Turns: 2364, Time: 00:02:58

Health: -2/35      AC: 11    Str: 15    XL:     4   Next: 46%
Magic:  6/6        EV:  7    Int: 11    God:    Lugonu [**....]
Gold:   5          SH:  0    Dex: 14    Spells: 3/3 levels left

rFire   . . .      SeeInvis .   a - +1 falchion
rCold   . . .      Faith    .   (no shield)
rNeg    . . .      Spirit   .   j - +0 chain mail
rPois   .          Reflect  .   (no helmet)
rElec   .          Harm     .   l - +2 cloak
rCorr   .          Rampage  .   (no gloves)
Will    .....                   (no boots)
Stlth   ..........              (no amulet)
HPRegen 0.11/turn               (no ring)
MPRegen 0.10/turn               (no ring)

@: confused, invisible (expiring)
A: powered by pain 1, demonic touch 1
a: Renounce Religion, Depart the Abyss, Bend Space


You were on level 3 of the Dungeon.
You worshipped Lugonu.
Lugonu was pleased with you.
You visited 1 branch of the dungeon, and saw 3 of its levels.
You visited the Abyss 1 time.

You collected 105 gold pieces.
You spent 100 gold pieces at shops.

Inventory:

Hand Weapons
 a - a +1 falchion (weapon)
Missiles
 o - 5 poisoned darts
Armour
 j - a +0 chain mail (worn)
   (You found it on level 2 of the Dungeon)
 l - a +2 cloak (worn)
   (You found it on level 2 of the Dungeon)
Jewellery
 i - a ring of ice
   (You found it on level 2 of the Dungeon)
Scrolls
 c - a scroll of identify {@r1}
 d - a scroll of magic mapping
 k - a scroll of fog {unknown}
 m - 2 scrolls of teleportation {@r4}
 n - a scroll of noise {unknown}
 p - 2 scrolls of fear
Potions
 e - a potion of flight {unknown}
 f - a potion of heal wounds {@q2}
 g - a potion of degeneration {unknown}
 h - a potion of mutation {!q}


   Skills:
 + Level 3.3 Fighting
 * Level 2.8 Long Blades
 + Level 2.3 Armour
 + Level 1.5 Dodging
 + Level 0.9 Unarmed Combat
 + Level 3.2 Invocations


You had 3 spell levels left.
You didn't know any spells.
Your spell library contained the following spells:

 Spells                   Type           Power      Damage    Failure   Level
 Slow                     Hex            0%         N/A       100%        1
 Confusing Touch          Hex            0%         N/A       100%        3
 Tukima's Dance           Hex            0%         N/A       100%        3
 Vampiric Draining        Necr           0%         2d6       100%        3
 Passage of Golubria      Tloc           0%         N/A       100%        4
 Yara's Violent Unravell  Hex/Tmut       0%         3d3       100%        5


Dungeon Overview and Level Annotations

Branches:
Dungeon (3/15)

Altars:

Shops:
D:3 *?

Annotations:
D:3 Sigmund


Innate Abilities, Weirdness & Mutations

You sometimes gain a little power by taking damage.
Your touch may inflict minor irresistible damage on your foes.


Message History

Sigmund hits you from afar with a +0 scythe.
There is a stone staircase leading up here.
The orc priest hits you but does no damage.
You climb upwards.
There is a stone staircase leading down here.
You hit the orc priest.
The orc priest invokes the aid of Beogh against you.
Beogh smites you!
You closely miss the orc priest. You punch the orc priest.
The orc priest closely misses you.
You closely miss the orc priest.
You touch the orc priest.
The orc priest mumbles some strange prayers to Beogh against you.
Beogh smites you!
* * * LOW HITPOINT WARNING * * *
You focus on the pain.
You feel agile all of a sudden.
You hit the orc priest but do no damage.
The orc priest hits you but does no damage.
You hit the orc priest.
You touch the orc priest.
You kill the orc priest!
Lugonu accepts your kill.
You have reached level 4!
You feel agile.
There is a stone staircase leading down here.
You start resting.
You feel a little less agile now.
You start resting.
You climb downwards.
Level annotation: Sigmund
Found 11 gold pieces and 5 poisoned darts.
Found Moluvan's Assorted Antiques and Nibonk's Magic Scroll Emporium.
There is a stone staircase leading up here.
Found a twisted runed staff.
The bat barely misses you. The bat hits you but does no damage.
You closely miss the bat. Your touch misses the bat.
The bat hits you but does no damage. x2
The bat hits you but does no damage.
You barely miss the bat. Your touch misses the bat.
The bat hits you but does no damage.
You hit the bat.
You kill the bat!
Lugonu accepts your kill.
No target in view!
No target in view!
Found a robe.
You now have 105 gold pieces (gained 11).
o - 5 poisoned darts
There is an entrance to Nibonk's Magic Scroll Emporium here.
m - 2 scrolls of teleportation (gained 1)
p - 2 scrolls of fear Thank you for shopping at Nibonk's Magic Scroll Emporium!
Sigmund is nearby!
Sigmund is nearby!
Sigmund is nearby!
Sigmund is nearby!
Sigmund shouts!
You hear a shout! x2
Okay, then.
Okay, then.
You fade into invisibility!
Sigmund gestures at you while chanting. You resist with some effort.
Found 22 stones and 5 gold pieces.
You hit Sigmund but do no damage.
The orc shouts!
Sigmund breathes a few words.
Sigmund's hands start flickering wildly.
An orc priest comes into view. It is wielding a +0 falchion.
The orc shouts!
The orc wizard shouts!
The orc priest moves out of view.
You catch the helpless orc completely off-guard!
You slash the orc!
The orc shouts! x2
The orc hits you but does no damage.
You barely miss the orc.
You touch the orc.
You kill the orc!
Lugonu accepts your kill.
You can now bend space around yourself.
The orc shouts!
The orc wizard shouts!
Found a stone staircase leading up.
The orc priest shouts!
The orc throws a boomerang.
The boomerang misses the orc wizard.
The boomerang hits you but does no damage.
A hobgoblin comes into view.
Things that are here:
a +0 hand axe; an orc corpse You closely miss the orc.
You touch the orc.
The hobgoblin shouts!
The orc barely misses you.
An orc comes into view. It is wielding a +0 flail.
The orc throws a boomerang.
The boomerang hits you but does no damage.
The orc shouts!
You hit the orc.
The orc shouts!
The hobgoblin shouts!
The orc hits you but does no damage.
You barely miss the orc.
The hobgoblin shouts!
You hear a shout!
The orc hits you with a +0 falchion. x2
You barely miss the orc. Your touch misses the orc.
The orc shouts!
The orc wizard points at you and mumbles some strange words.
You resist with some effort.
An orc priest comes into view. It is wielding a +0 dagger.
You strike the helpless orc wizard from behind!
You hit the orc wizard but do no damage.
You touch the orc wizard.
The orc priest shouts!
The orc shouts!
The orc wizard hits you but does no damage.
A quokka comes into view.
You closely miss the orc wizard. Your touch misses the orc wizard.
The orc priest shouts!
The orc shouts!
The orc wizard barely misses you.
An orc comes into view. It is wielding a +0 club.
Sigmund gestures wildly while chanting.
Sigmund flickers and vanishes!
Deactivating autopickup; reactivate with Ctrl-A.
The orc wizard hits you but does no damage.
You strike the helpless orc from behind!
You slash the orc!
You kill the orc!
Lugonu accepts your kill.
The orc priest shouts!
The orc wizard closely misses you.
You barely miss the orc. Your touch misses the orc.
The orc shouts!
The orc hits you but does no damage.
The orc wizard hits you with a +0 dagger.
You closely miss the orc.
You touch the orc.
The orc shouts!
The orc hits you but does no damage.
The orc wizard hits you but does no damage.
The orc priest barely misses you.
You slash the orc!
You kill the orc!
Lugonu accepts your kill. Something hits you. The orc wizard barely misses you.
The orc priest invokes the aid of Beogh against you.
Beogh smites you!
* * * LOW HITPOINT WARNING * * *
The orc priest hits you with a +0 falchion.
* * * LOW HITPOINT WARNING * * *
The orc wizard gestures at the orc priest while chanting.
You are confused.
A magic dart appears from out of thin air!
The magic dart hits the orc priest!
You flicker for a moment.
You bump into the crystal wall.
The orc wizard casts a spell at you. The puff of flame hits you!
You die...

#.#.<# #....# #...# #....#
#...# ##...# #...##
###...# #.... ####
......###...#######.....[.
........##..##......###..#
......oo##...............#
#.#...{o.@∩....<.......|..
#oog#....##.....†.......
#...<.###.(##.............
#.#.. #..###............
#.... #..# #........##..
.... ..## #....∩...# .
.... ..$. #........# ....
#####....# .... #....#


You could see 2 orc priests, an orc wizard, 2 orcs and a hobgoblin.

Vanquished Creatures
  An orc priest (D:2)
  2 adders (D:1)
  A worm (D:2)
  A dart slug (D:1)
  3 orcs (D:3)
  A bat (D:3)
  3 endoplasms
  2 giant cockroaches (D:1)
  6 goblins
  3 hobgoblins (D:1)
  2 jackals (D:2)
  3 quokkas (D:2)
  5 ball pythons
  A frilled lizard (D:2)
  5 kobolds
  3 rats (D:1)
42 creatures vanquished.

Notes
Turn   | Place    | Note
-------+----------+-------------------------------------------
     0 | Abyss:1  | CryoSword the Demonspawn Abyssal Knight began the quest for
                  | the Orb.
     0 | Abyss:1  | Reached XP level 1. HP: 18/18 MP: 2/2
    33 | D:1      | Escaped the Abyss
   174 | D:1      | Reached skill level 1 in Dodging
   221 | D:1      | Reached * piety under Lugonu
   425 | D:1      | Gained mutation: Your touch may inflict minor irresistible
                  | damage on your foes. [demonic ancestry]
   425 | D:1      | Reached XP level 2. HP: 15/24 MP: 4/4
   680 | D:1      | Found a faded altar of an unknown god.
  1045 | D:1      | Gained mutation: You sometimes gain a little power by
                  | taking damage. [demonic ancestry]
  1045 | D:1      | Reached XP level 3. HP: 16/29 MP: 5/5
  2029 | D:3      | Noticed Sigmund
  2038 | D:2      | Reached XP level 4. HP: 3/35 MP: 6/6
  2322 | D:3      | Found Moluvan's Assorted Antiques.
  2322 | D:3      | Found Nibonk's Magic Scroll Emporium.
  2337 | D:3      | Bought a scroll of teleportation for 30 gold pieces
  2337 | D:3      | Bought 2 scrolls of fear for 70 gold pieces
  2350 | D:3      | Reached ** piety under Lugonu
  2364 | D:3      | Killed from afar by an orc wizard

Illustrated notes

Levels and vault maps discovered:
D:1:      dpeg_arrival_short_road, layout_loops_ring,
          ebering_ecumenical_altar_hall, hangedman_decor_opposing
D:2:      layout_loops_cross, minmay_nonomino_d4
D:3:      layout_rooms, nemelex_diamond_rough_becter,
          chequers_temple_overflow_minitemple, mainiacjoe_overflow_24_doors,
          serial_shops, shop, shop, nicolae_square_shop, shop,
          minmay_fountain_box, minmay_checkerbox, uniq_sigmund, uniq_grinder

Skill      XL: |  1  2  3 |
---------------+----------+-----
Dodging        | 1 |  1.5
Long Blades    | 2 |  2.8
Armour         | 2 |  2.3
Invocations    | 3 |  3.2
Fighting       | |  3.3
Unarmed Combat | |  0.9

Action                   |  1- 3 |  4- 6 || total
-------------------------+-------+-------++-------
Melee: Falchion          |   108 |    16 ||   124
       Punch             |     2 |       ||     2
       Touch             |    15 |     4 ||    19
Invok: Depart the Abyss  |     1 |       ||     1
  Use: Scroll            |     4 |       ||     4
       Potion            |     1 |     1 ||     2
 Stab: Sleeping          |     1 |       ||     1
       Invisible         |       |     3 ||     3
Armor: Leather armour    |    30 |       ||    30
       Chain mail        |    10 |    14 ||    24
       Ring mail         |     2 |       ||     2
Dodge: Dodged            |    68 |     6 ||    74
